 Dungeon Crawl Stone Soup version 0.24.0-125-gc4c63601f3 (webtiles) character file.

Game seed: 8554818115437324881, levelgen mode: deterministic

70 H0rd4k the Charlatan (level 4, -1/32 HPs)
             Began as a Human Artificer on Mar 16, 2020.
             Slain by an iguana (9 damage)
             ... on level 4 of the Dungeon.
             The game lasted 00:02:04 (1701 turns).

H0rd4k the Charlatan (Human Artificer)              Turns: 1701, Time: 00:02:04

Health: -1/32      AC:  3    Str: 13    XL:     4   Next: 45%
Magic:  6/6        EV: 12    Int: 11    God:
Gold:   91         SH:  0    Dex: 16    Spells: 3/3 levels left

rFire    . . .     SeeInvis .   r - +6 war axe of Generosity {drain, Dex+2}
rCold    . . .     Gourm    .   (no shield)
rNeg     . . .     Faith    .   b - +0 leather armour
rPois    .         Spirit   .   (no helmet)
rElec    .         Reflect  .   (no cloak)
rCorr    .         Harm     .   (no gloves)
MR       .....                  (no boots)
Stlth    ++........             (no amulet)
HPRegen  0.10/turn              (no ring)
MPRegen  0.10/turn              (no ring)

@: no status effects
A: no striking features
a: no special abilities


You were on level 4 of the Dungeon.
You were near starving.

You visited 1 branch of the dungeon, and saw 4 of its levels.

You collected 91 gold pieces.

Inventory:

Hand Weapons
 a - a +0 short sword
 q - a +0 rapier
 r - the +6 war axe of Generosity (weapon) {drain, Dex+2}
   (You found it on level 4 of the Dungeon)

   A truly terrible weapon, it drains the life of those it strikes.
   It affects your dexterity (+2).
Missiles
 m - 10 poisoned darts (quivered)
Armour
 b - a +0 leather armour (worn)
Jewellery
 p - an uncursed ring of see invisible {unknown}
Wands
 c - a wand of flame (22)
 d - a wand of enslavement (13)
 e - a wand of random effects (33)
Scrolls
 g - 6 scrolls of remove curse {unknown}
 i - 4 scrolls of identify {unknown}
 o - a scroll of teleportation {unknown}
Potions
 h - a potion of ambrosia {unknown}
 j - a potion of agility {unknown}
 k - a potion of haste {unknown}
 l - 2 potions of heal wounds {unknown}
 n - 2 potions of brilliance {unknown}
Comestibles
 f - 4 rations


   Skills:
 + Level 1.6 Fighting
 + Level 1.8 Short Blades
 + Level 1.6 Armour
 + Level 2.3 Dodging
 + Level 1.0 Stealth
 + Level 3.6 Evocations


You had 3 spell levels left.
You didn't know any spells.
Your spell library contained the following spells:

 Spells                   Type           Power        Failure   Level  Hunger
 Beastly Appendage        Tmut           #.....       41%         1    ##.....
 Sticks to Snakes         Tmut           #.......     56%         2    ###....
 Spider Form              Tmut/Pois      #.........   80%         3    ####...
 Ice Form                 Ice/Tmut       #.......     99%         4    #####..
 Blade Hands              Tmut           #.........   100%        5    ######.


Dungeon Overview and Level Annotations

Branches:
Dungeon (4/15)
 Temple: D:4-7

Altars:

Annotations:
D:4 exclusion: upstairs


Message History

i - 4 scrolls labeled PUJUW ETOUROC (gained 1)
f - 4 rations (gained 1)
There are no items here.
Found 12 gold pieces.
An iguana comes into view.
Found a murky amethyst potion.
You see here a translucent war axe.
r - a translucent war axe You feel agile.
You sense an unholy aura.
r - the +6 war axe of Generosity (weapon)
{drain, Dex+2} You barely miss the iguana.
The iguana closely misses you.
You slash the iguana!
The iguana is heavily wounded.
The iguana bites you! x2
* * * LOW HITPOINT WARNING * * *
You hit the iguana.
The iguana is severely wounded.
The iguana bites you!
You die...

.... #.... #.... #....
#.... ##### #....
##...## ##.##.
#..#####..#..#####..##.
#.....@l...............
#.#.######.........†...
.................#
...$.....[.......#
.............>....#
.....#...$........#
!....#............#
.....#............# ..
#............#


You could see an iguana.

Vanquished Creatures
  2 adders (D:2)
  An ooze (D:1)
  2 dart slugs
  A leopard gecko (D:4)
  An orc (D:4)
  3 giant cockroaches
  5 goblins
  3 hobgoblins (D:1)
  6 jackals (D:1)
  4 kobolds
  2 bats (D:1)
  2 frilled lizards
  A rat (D:1)
33 creatures vanquished.

Vanquished Creatures (collateral kills)
  An adder skeleton (D:4)
  2 orcs (D:3)
  A giant cockroach (D:4)
4 creatures vanquished.

Grand Total: 37 creatures vanquished

Notes
Turn   | Place    | Note
-------+----------+-------------------------------------------
     0 | D:1      | H0rd4k the Human Artificer began the quest for the Orb.
     0 | D:1      | Reached XP level 1. HP: 15/15 MP: 3/3
   192 | D:1      | Reached XP level 2. HP: 8/21 MP: 4/4
   430 | D:1      | Reached skill level 1 in Armour
   430 | D:1      | Reached XP level 3. HP: 13/26 MP: 5/5
   870 | D:2      | Reached XP level 4. HP: 26/32 MP: 6/6
  1044 | D:2      | You fall into a shaft and drop 1 floor!
  1665 | D:4      | Noticed a bullfrog
  1692 | D:4      | Got a translucent war axe
  1698 | D:4      | Identified the +6 war axe of Generosity {drain, Dex+2} (You
                  | found it on level 4 of the Dungeon)
  1701 | D:4      | Slain by an iguana

Levels and vault maps discovered:
D:1:      nagdon_arrival_double_spiral, layout_rooms
D:2:      layout_basic, tgw_trog, first_ration, uniq_terence
D:3:      layout_loops_corners, minmay_joined_circles
D:4:      minmay_octagon_keep, layout_basic

Skill      XL: |  1  2 |
---------------+-------+-----
Armour         | 1 |  1.6
Fighting       | |  1.6
Short Blades   | |  1.8
Dodging        | |  2.3
Stealth        | |  1.0
Evocations     | |  3.6

Action                   |  1- 3 |  4- 6 || total
-------------------------+-------+-------++-------
Melee: Short sword       |   112 |    47 ||   159
       War axe           |       |     3 ||     3
Evoke: Wand              |     3 |     2 ||     5
  Eat: Chunk             |       |     1 ||     1
Armor: Leather armour    |    29 |    15 ||    44
Dodge: Dodged            |    90 |    30 ||   120
